 Dungeon Crawl Stone Soup version 0.19-a0-1185-gacb3972 (webtiles) character file.

112 epen the Chopper (level 4, -1/40 HPs)
             Began as a Hill Orc Monk on Aug 18, 2016.
             Was a Believer of Beogh.
             Slain by Grinder (3 damage)
             ... while paralysed by Grinder
             ... on level 3 of the Dungeon.
             The game lasted 00:04:06 (2446 turns).

epen the Chopper (Hill Orc Monk)                    Turns: 2446, Time: 00:04:07

Health: -1/40      AC:  7    Str: 14    XL:     4   Next: 95%
Magic:  4/4        EV:  2    Int: 13    God:    Beogh [**....]
Gold:   110        SH:  0    Dex: 13    Spells: 0 memorised, 3 levels left

rFire  . . .     SeeInvis .     a - +0 hand axe
rCold  . . .     Gourm    .     r - +0 scale mail
rNeg   . . .     Faith    .     (no shield)
rPois  .         Spirit   .     (no helmet)
rElec  .         Dismiss  .     (no cloak)
rCorr  .         Reflect  .     (no gloves)
MR     .....     Harm     .     (no boots)
Stlth  ..........               (no amulet)
                                (no ring)
                                k - +3 ring of intelligence

@: paralysed, flying, very slightly contaminated, hasted
A: no striking features
a: Smiting, Renounce Religion


You were on level 3 of the Dungeon.
You worshipped Beogh.
Beogh was pleased with you.
You were not hungry.

You visited 1 branch of the dungeon, and saw 3 of its levels.

You collected 110 gold pieces.

Inventory:

Hand Weapons
 a - a +0 hand axe (weapon)
Armour
 r - a +0 scale mail (worn)
 s - a +0 plate armour
Jewellery
 k - a +3 ring of intelligence (left hand)
Scrolls
 d - 2 scrolls of fear {unknown}
 e - 2 scrolls of amnesia {unknown}
 f - a scroll of random uselessness {unknown}
 g - a scroll of enchant weapon {unknown}
 h - a scroll of fog {unknown}
 i - 5 scrolls of identify {unknown}
 l - 2 scrolls of recharging {unknown}
 m - 3 scrolls of teleportation {unknown}
 o - a scroll of blinking {unknown}
 p - a scroll of immolation {unknown}
Potions
 n - a potion of curing {unknown}
 q - a potion of lignification {unknown}
 t - a potion of brilliance {unknown}
Comestibles
 c - 2 bread rations


   Skills:
 + Level 4.1 Fighting
 + Level 4.7 Axes
 * Level 3.1 Armour
 * Level 3.0 Dodging
 - Level 1.5 Stealth


You had 3 spell levels left.
You didn't know any spells.

Dungeon Overview and Level Annotations

Branches:
Dungeon (3/15)

Altars:
Gozag

Annotations:
D:3 Grinder


Message History

You hit Grinder but do no damage. Grinder hits you but does no damage.
Grinder says, "What is the universe for?"
Grinder blinks!
You hit Grinder but do no damage. Grinder barely misses you.
You hit Grinder but do no damage. Grinder hits you.
You writhe in agony.
* * * LOW HITPOINT WARNING * * *
It was a potion of flight.
You feel very buoyant.
You fly up into the air.
Grinder hits you.
* * * LOW HITPOINT WARNING * * *
It was a potion of haste.
You feel yourself speed up. Grinder gestures at you.
You suddenly lose the ability to move!
You are very lightly contaminated with residual magic.
Grinder says, "Just stop there for a second..."
Grinder gestures at you. Pain shoots through your body!
* * * LOW HITPOINT WARNING * * *
Grinder hits you.
You die...

##....# #<.# ##.#§#
##.### #.#.# #...##
#.#.# ###..# #. #.#.##
##.##... #)#..#
###.....#. #....##
####....†....
##..÷..#####....##....##
#......@.....#####....#
#......5###### #....#
#.......# ######
##.....## #..o....#
#o...o..# #....oo.#
##.....## ##...##


You could see Grinder, a neutral orc priest (wandering) and 4 neutral orcs.

Vanquished Creatures
  4 adders (D:2)
  An ooze (D:1)
  2 worms (D:2)
  2 dart slugs (D:1)
  2 giant geckos (D:1)
  3 ball pythons
  6 giant cockroaches
  7 goblins
  8 hobgoblins
  A quokka (D:2)
  6 bats
  5 giant newts
  4 kobolds
  10 rats
61 creatures vanquished.

Vanquished Creatures (others)
  A bat (D:3)
1 creature vanquished.

Grand Total: 62 creatures vanquished

Notes
Turn   | Place    | Note
-------+----------+-------------------------------------------
     0 | D:1      | epen the Hill Orc Monk began the quest for the Orb.
     0 | D:1      | Reached XP level 1. HP: 19/19 MP: 1/1
   154 | D:1      | Reached skill level 1 in Armour
   154 | D:1      | Reached XP level 2. HP: 27/27 MP: 2/2
   244 | D:1      | Reached XP level 3. HP: 22/33 MP: 3/3
  1003 | D:2      | Reached XP level 4. HP: 35/40 MP: 4/4
  2112 | D:3      | Became a worshipper of Beogh the Brigand
  2112 | D:3      | Reached * piety under Beogh
  2112 | D:3      | Reached ** piety under Beogh
  2219 | D:3      | Found an opulent altar of Gozag.
  2226 | D:3      | Noticed Grinder
  2232 | D:3      | Paralysed by Grinder for 2 turns
  2444 | D:3      | Paralysed by Grinder for 6 turns
  2445 | D:3      | HP: 2/40 [Grinder/nerve-wracking pain (6)]
  2446 | D:3      | Slain by Grinder

Vault maps used:
D:1:      evilmike_arrival_hilbert_curve
D:3:      grunt_gozag_statues, uniq_grinder

Skill      XL: |  1  2  3  4 |
---------------+-------------+-----
Armour         | 1 2 3 |  3.1
Fighting       | 4 |  4.1
Dodging        | 3 |  3.0
Axes           | |  4.7
Stealth        | |  1.5

Action                   |  1- 3 |  4- 6 || total
-------------------------+-------+-------++-------
Melee: Hand axe          |    84 |   140 ||   224
Invok: Convert to Beogh  |       |     1 ||     1
  Use: Potion            |       |     2 ||     2
 Stab: Sleeping          |     2 |       ||     2
  Eat: Chunk             |       |     5 ||     5
Armor: Robe              |     8 |       ||     8
       Ring mail         |    11 |    20 ||    31
       Scale mail        |       |    35 ||    35
Dodge: Dodged            |    53 |    69 ||   122
